 Dungeon Crawl Stone Soup version 0.26.0-45-g9c1d065592 (webtiles) character file.

Game seed: 3342017152189055007

(classic levelgen) 9267 thiole the Zephyrmancer (level 11, -7/72 HPs)
             Began as an Octopode Hedge Wizard on Jan 28, 2021.
             Was an Initiate of Gozag.
             Killed from afar by Erolcha (21 damage)
             ... with a bolt of lightning
             ... on level 9 of the Dungeon.
             The game lasted 00:46:08 (12610 turns).

thiole the Zephyrmancer (Octopode Hedge Wizard)    Turns: 12610, Time: 00:46:09

Health: -7/72      AC:  1    Str: 15    XL:     11   Next: 43%
Magic:  0/21       EV: 14    Int: 26    God:    Gozag
Gold:   342        SH:  0    Dex: 11    Spells: 7/24 levels left

rFire    . . .     SeeInvis .   c - +7 mace of the Five Xalams {freeze, rPois Will- Str+5 Stlth+}
rCold    . . .     Faith    .   (no shield)
rNeg     . . .     Spirit   +   b - +0 hat
rPois    +         Reflect  .   s - amulet of guardian spirit
rElec    .         Harm     .   g - +6 ring of intelligence
rCorr    .         Rampage  .   F - ring of flight
Will     .....                  (no ring)
Stlth    +++++.....             (no ring)
HPRegen  0.22/turn              (no ring)
MPRegen  0.17/turn              (no ring)
                                (no ring)
                                (no ring)

@: brilliant, marked, hasted, very quick
A: almost no armour, stealthy swim, amphibious, 8 rings, constrict 8, camouflage
1, gelatinous body 1
a: Renounce Religion, Evoke Flight, Potion Petition, Call Merchant, Bribe Branch


You were on level 9 of the Dungeon.
You worshipped Gozag.
Gozag was aware of your devotion.
You visited 3 branches of the dungeon, and saw 12 of its levels.

You collected 1054 gold pieces.
You paid 712 gold pieces to Gozag.

Inventory:

Hand Weapons
 a - a +0 dagger
 c - the +7 mace of the Five Xalams (weapon) {freeze, rPois Will- Str+5 Stlth+}
   (You found it on level 4 of the Dungeon)

   It has been specially enchanted to freeze those struck by it, causing extra
   injury to most foes and up to half again as much damage against particularly
   susceptible opponents.
   It can also slow down cold-blooded creatures.
   It affects your strength (+5).
   It protects you from poison.
   It affects your willpower, your defense against some magical effects.
   It makes you more stealthy.
 j - a +0 hunting sling
 o - a cursed -1 quarterstaff
 q - a +2 vampiric hand axe
 E - the cursed +1 rapier of Noon {vorpal, +Fly rC+ Str+4}
   (You found it on level 7 of the Dungeon)

   It inflicts extra damage upon your enemies.
   It affects your strength (+4).
   It protects you from cold.
   It lets you fly.
   It has a curse placed upon it.
Missiles
 i - 13 poisoned darts
 n - 170 stones
 t - 81 sling bullets
Armour
 b - a +0 hat (worn)
Magical Staves
 r - an uncursed staff of earth
Jewellery
 g - a +6 ring of intelligence (left tentacle)
 s - an amulet of guardian spirit (around mantle)
 F - a ring of flight (right tentacle)
Wands
 e - a wand of flame (16)
 w - a wand of paralysis (5)
 y - a wand of digging (5)
 G - a wand of enslavement (3)
Scrolls
 f - a scroll of summoning {unknown}
 h - 3 scrolls of teleportation {unknown}
 l - 6 scrolls of remove curse {unknown}
 m - 2 scrolls of random uselessness {unknown}
 p - 3 scrolls of enchant weapon {unknown}
 z - a scroll of blinking {unknown}
 A - 2 scrolls of enchant armour {unknown}
 C - 3 scrolls of fog {unknown}
 D - a scroll of amnesia {unknown}
 H - 2 scrolls of magic mapping {unknown}
Potions
 d - 4 potions of brilliance
 k - 3 potions of flight
 u - a potion of might
 v - 2 potions of ambrosia
 B - 3 potions of degeneration
Miscellaneous
 x - a phial of floods


   Skills:
 - Level 6.0 Fighting
 - Level 3.0 Maces & Flails
 - Level 4.0 Dodging
 - Level 5.0 Stealth
 - Level 7.0 Spellcasting
 * Level 7.8 Conjurations
 - Level 2.0 Summonings
 - Level 1.0 Translocations
 - Level 11.0 Air Magic
 - Level 2.0 Poison Magic
 - Level 2.0 Evocations


You had 7 spell levels left.
You knew the following spells:

 Your Spells              Type           Power        Failure   Level
a - Magic Dart            Conj           100%         1%          1
b - Call Imp              Summ           29%          4%          2
c - Blink                 Tloc           N/A          6%          2
d - Mephitic Cloud        Conj/Pois/Air  61%          1%          3
e - Airstrike             Air            39%          1%          4
f - Lightning Bolt        Conj/Air       36%          3%          5

Your spell library contained the following spells:

 Spells                   Type           Power        Failure   Level
 Shock                    Conj/Air       100%         1%          1
 Swiftness                Air            78%          1%          2
 Static Discharge         Conj/Air       72%          1%          3
 Conjure Flame            Conj/Fire      44%          3%          3
 Slow                     Hex            13%          10%         2


Dungeon Overview and Level Annotations

Branches:
Dungeon (9/15)             Temple (1/1) D:7            Lair (2/6) D:8
  Swamp: Lair:2-4    Shoals: Lair:2-4     Snake: Lair:2-4    Spider: Lair:2-4
    Orc: D:9-12

Altars:
Ashenzari
Cheibriados
Elyvilon
Fedhas
Gozag
Hepliaklqana
Kikubaaqudgha
Makhleb
Nemelex Xobeh
Okawaru
Qazlal
Ru
Trog
Vehumet
Wu Jian
Xom
Yredelemnul
Zin
The Shining One

Shops:
D:8 :

Annotations:
D:6 3 runed translucent doors, dredge's ghost, novice MiBe
D:9 Erolcha; Joseph


Innate Abilities, Weirdness & Mutations

You cannot wear most types of armour.
You are very stealthy in the water. (Stealth+)
You are amphibious.
You can wear up to eight rings at the same time.
You can use your tentacles to constrict eight enemies at once.
Your skin changes colour to match your surroundings (Stealth+).
Your rubbery body absorbs attacks. (AC +1, EV +1)


Message History

* * * LOW HITPOINT WARNING * * *
Your crimson imp barely misses the orc.
Casting: Airstrike (mildly dangerous; 1% risk of failure)
Confirm with . or Enter, or press ? or * to list all spells.
You feel a surge of power!
You blink.
The spectral weapon fades away.
Joseph draws out his weapon's spirit!
Erolcha the Cunning comes into view.
She is wielding a +0 giant spiked club.
Erolcha drinks a potion.
Erolcha seems to speed up.
You see here 8 gold pieces.
Joseph unwields a +0 spectral quarterstaff.
The spectral weapon fades away.
Joseph wields a +0 hunting sling.
Joseph shoots a sling bullet.
The sling bullet closely misses you.
You see here a sling bullet.
Erolcha tries to grin evilly.
Erolcha casts a spell at you. The bolt of lightning hits you!!
You die...
Your body crumbles into a pile of gold.

.....#######'###.......# #..
........§..........)O..# #..
.............§@........# #..
............T........).# #..
......o.O.n...........)########..
.....5..Z..$.$o...........)...)..
.........O....(.......).)).......
...........####.........#########
##.........# #.@.......#
#.........# #......####
#......#### #......# #.######
#......# #.# #......# ###
#......# ########


You could see Joseph, Erolcha (fast), a troll, a necrophage and an orc.

Vanquished Creatures
  Harold (D:9)
  Pikel (D:6)
  An elephant (Lair:2)
  3 cane toads
  3 komodo dragons
  A queen bee (Lair:1)
  Grinder (D:6)
  4 blink frogs (Lair:2)
  12 yaks (Lair:1)
  3 basilisks
  Duvessa (D:5)
  A water moccasin (Lair:1)
  2 sky beasts (D:7)
  5 ogres
  2 centaurs
  6 bullfrogs
  Dowan (D:5)
  A scorpion (D:7)
  4 wights (D:9)
  19 killer bees (Lair:1)
  4 howler monkeys
  3 hounds
  A quasit (D:5)
  A bullfrog skeleton (D:4)
  An orc priest (D:9)
  A jelly (D:8)
  4 worker ants
  4 iguanas
  3 orc wizards
  A killer bee zombie (D:6)
  A hound zombie (D:7)
  13 adders
  2 gnolls (D:6)
  3 white imps
  2 oozes
  An ufetubus (D:5)
  3 worms
  A leopard gecko (D:6)
  14 orcs
  A ball python (D:2)
  7 bats
  4 giant cockroaches
  7 hobgoblins
  15 jackals
  9 kobolds
  6 quokkas
  6 frilled lizards
  A giant cockroach zombie (D:5)
  5 goblins
  2 leopard gecko skeletons (D:5)
  8 rats
206 creatures vanquished.

Vanquished Creatures (collateral kills)
  An orc wizard (D:4)
  2 worker ants
  A gnoll (D:6)
  An adder (D:4)
  A worm (D:3)
  2 orcs (D:4)
8 creatures vanquished.

Vanquished Creatures (others)
  10 fungi
  6 plants
16 creatures vanquished.

Grand Total: 230 creatures vanquished

Notes
Turn   | Place    | Note
-------+----------+-------------------------------------------
     0 | D:1      | thiole the Octopode Hedge Wizard began the quest for the
                  | Orb.
     0 | D:1      | Reached XP level 1. HP: 11/11 MP: 4/4
   133 | D:1      | Reached skill level 1 in Fighting
   220 | D:1      | Reached XP level 2. HP: 18/18 MP: 1/6
   676 | D:1      | Reached XP level 3. HP: 24/24 MP: 4/7
  1035 | D:2      | Found an ancient bone altar of Kikubaaqudgha.
  1470 | D:2      | Reached XP level 4. HP: 29/29 MP: 3/8
  1545 | D:2      | Found a stormy altar of Qazlal.
  1745 | D:2      | Found a snail-covered altar of Cheibriados.
  1745 | D:2      | Found a glowing golden altar of the Shining One.
  1747 | D:2      | Found a glowing silver altar of Zin.
  1747 | D:2      | Found a shimmering altar of Xom.
  1747 | D:2      | Found a shimmering altar of Xom.
  2330 | D:3      | Learned a level 2 spell: Call Imp
  2333 | D:3      | Learned a level 2 spell: Blink
  2337 | D:3      | Learned a level 3 spell: Mephitic Cloud
  2832 | D:3      | Reached XP level 5. HP: 18/34 MP: 5/9
  3401 | D:4      | Found a radiant altar of Vehumet.
  3425 | D:4      | Got a shimmering mace
  3624 | D:4      | Reached skill level 5 in Stealth
  3628 | D:4      | Reached skill level 1 in Air Magic
  3967 | D:4      | Identified the +7 mace of the Five Xalams {freeze, rPois
                  | Will- Str+5 Stlth+} (You found it on level 4 of the
                  | Dungeon)
  3990 | D:4      | Reached skill level 2 in Air Magic
  3990 | D:4      | Reached XP level 6. HP: 34/39 MP: 10/10
  4325 | D:4      | Reached skill level 3 in Air Magic
  4542 | D:5      | Entered Level 5 of the Dungeon
  4650 | D:5      | Reached skill level 4 in Air Magic
  4738 | D:5      | Reached skill level 1 in Poison Magic
  4757 | D:5      | Reached XP level 7. HP: 26/45 MP: 4/11
  4903 | D:5      | Noticed Dowan
  4904 | D:5      | Noticed Duvessa
  5178 | D:5      | Found a sacrificial altar of Ru.
  5201 | D:5      | Found an ornate altar of the Wu Jian Council.
  5204 | D:5      | Found a broken altar of Ashenzari.
  5207 | D:5      | Found a snail-covered altar of Cheibriados.
  5287 | D:5      | Found an iron altar of Okawaru.
  5341 | D:5      | Found a blossoming altar of Fedhas.
  5495 | D:6      | Noticed dredge's ghost (novice MiBe)
  5766 | D:6      | Noticed Grinder
  5773 | D:6      | Killed Grinder
  6155 | D:6      | Noticed Pikel
  6166 | D:6      | Killed Pikel
  6167 | D:6      | Reached skill level 5 in Spellcasting
  6167 | D:6      | Reached XP level 8. HP: 24/54 MP: 6/16
  6413 | D:6      | Found a runed translucent gate.
  6414 | D:6      | Found a runed translucent gate.
  6414 | D:6      | Found a runed translucent gate.
  6931 | D:7      | Got a translucent rapier
  6932 | D:7      | Identified the cursed +1 rapier of Noon {vorpal, +Fly rC+
                  | Str+4} (You found it on level 7 of the Dungeon)
  7011 | D:7      | Found a staircase to the Ecumenical Temple.
  7017 | Temple   | Entered the Ecumenical Temple
  7063 | Temple   | Became a worshipper of Gozag Ym Sagoz the Greedy
  7248 | D:7      | Reached skill level 1 in Evocations
  7248 | D:7      | Reached XP level 9. HP: 50/58 MP: 16/19
  7390 | D:7      | Found a stormy altar of Qazlal.
  7852 | D:8      | Found a staircase to the Lair.
  7987 | D:8      | Found Cepeasod's Book Shoppe.
  8257 | D:8      | Reached skill level 5 in Fighting
  8320 | D:8      | Reached skill level 5 in Air Magic
  8721 | D:9      | Found a glowing golden altar of the Shining One.
  8837 | D:5      | Killed Dowan
  8893 | D:5      | Killed Duvessa
  8894 | D:5      | Reached skill level 1 in Maces & Flails
  9336 | Lair:1   | Entered Level 1 of the Lair of Beasts
  9350 | Lair:1   | Learned a level 4 spell: Airstrike
  9356 | Lair:1   | Learned a level 5 spell: Lightning Bolt
  9410 | Lair:1   | Reached skill level 6 in Air Magic
  9411 | Lair:1   | Noticed a queen bee
  9414 | Lair:1   | Noticed a komodo dragon
  9419 | Lair:1   | Reached skill level 7 in Air Magic
  9419 | Lair:1   | Reached XP level 10. HP: 68/68 MP: 4/20
  9434 | Lair:1   | Reached skill level 8 in Air Magic
  9639 | Lair:1   | Noticed a cane toad
  9657 | Lair:1   | Killed a cane toad
  9658 | Lair:1   | Reached skill level 9 in Air Magic
  9993 | Lair:1   | Reached skill level 10 in Air Magic
 10693 | Lair:1   | Noticed a cane toad
 10698 | Lair:1   | Killed a cane toad
 11106 | Lair:2   | Reached XP level 11. HP: 57/72 MP: 4/21
 11110 | Lair:2   | Reached skill level 11 in Air Magic
 11257 | Lair:2   | Reached skill level 5 in Conjurations
 11995 | D:9      | Noticed Harold
 12479 | D:9      | Noticed Joseph
 12581 | D:9      | Killed Harold
 12599 | D:9      | Noticed a two-headed ogre
 12607 | D:9      | Noticed Erolcha
 12610 | D:9      | Killed from afar by Erolcha

Illustrated notes

Levels and vault maps discovered:
D:1:      wander_arrival_estate, layout_rooms, minmay_splitting_lines
D:2:      layout_loops_ring, lemuel_round_altar, doesnt_xom_only_xom
D:3:      layout_basic, minmay_ruptured
D:4:      layout_rooms, vehumet_altar_wand_db
D:5:      layout_rooms, fedhas_altar_1, general_overflow_altar,
          grunt_temple_overflow_diamond, lemuel_round_altar, uniq_duvessa
D:6:      layout_basic, gammafunk_ghost_icy, uniq_pikel, uniq_grinder
D:7:      layout_rooms, grunt_qazlal_clouds, temple_fountains, minmay_checkerbox
D:8:      layout_cave_pods, lair_entry_dummy, serial_shops, shop, serial_rivers,
          chequers_serial_rivers_room_b, chequers_serial_rivers_micro_a,
          chequers_serial_rivers_room_b, chequers_serial_rivers_large_a,
          chequers_serial_rivers_room_a, chequers_serial_rivers_small_b
D:9:      layout_irregular_city, nicolae_overflow_hidden_temple, orc_david_3,
          uniq_prince_ribbit1, uniq_erolcha, uniq_harold, uniq_joseph
Temple:   nicolae_temple_god_jail
Lair:1:   layout_gridlike, special_room [special_room_bee], grunt_megastairs_3
Lair:2:   layout_regular_city, beast_lair_carwin_7, infiniplex_staircase_pool,
          lemuel_fruit_fields

Skill      XL: |  1  2  3  4  5  6  7  8  9 10 11 |
---------------+----------------------------------+-----
Fighting       | 1 2 4 6 |  6.0
Conjurations   | 2 3 4 7 |  7.8
Summonings     | 2 |  2.0
Stealth        | 4 5 |  5.0
Air Magic      | 2 4 7 10 11 | 11.0
Poison Magic   | 2 |  2.0
Dodging        | 4 |  4.0
Spellcasting   | 5 7 |  7.0
Evocations     | 1 2 |  2.0
Maces & Flails | 3 |  3.0
Translocations | |  1.0

Action                   |  1- 3 |  4- 6 |  7- 9 | 10-12 || total
-------------------------+-------+-------+-------+-------++-------
Melee: Dagger            |    25 |    18 |       |       ||    43
       Constrict         |     7 |    19 |    16 |    13 ||    55
       Tentacles         |     4 |    13 |    24 |    21 ||    62
       Staff             |       |    31 |       |       ||    31
       Hand axe          |       |     6 |       |       ||     6
       Mace              |       |    22 |   121 |   110 ||   253
 Cast: Magic Dart        |    60 |   117 |    69 |    65 ||   311
       Call Imp          |       |    11 |    13 |     8 ||    32
       Mephitic Cloud    |       |       |     6 |    21 ||    27
       Airstrike         |       |       |       |    38 ||    38
       Lightning Bolt    |       |       |       |     4 ||     4
       Blink             |       |       |       |     1 ||     1
Invok: Potion Petition   |       |       |       |     2 ||     2
Evoke: Wand              |       |       |     1 |     3 ||     4
  Use: Potion            |       |     2 |     8 |     8 ||    18
       Scroll            |       |     4 |     1 |       ||     5
 Stab: Sleeping          |     1 |     3 |     9 |       ||    13
       Confused          |       |       |     5 |     4 ||     9
       Paralysed         |       |       |     5 |     4 ||     9
Armor: Skin              |     3 |     1 |    15 |    43 ||    62
Dodge: Dodged            |    28 |    49 |    68 |    44 ||   189
